 Dungeon Crawl Stone Soup version 0.19.5 (webtiles) character file.

72 tidbits the Grave Robber (level 4, -1/28 HPs)
             Began as a High Elf Necromancer on Oct 28, 2017.
             Slain by a worm (9 damage)
             ... on level 3 of the Dungeon.
             The game lasted 00:11:09 (1278 turns).

tidbits the Grave Robber (High Elf Necromancer)     Turns: 1278, Time: 00:11:10

Health: -1/28      AC:  2    Str:  8    XL:     4   Next: 6%
Magic:  2/9        EV: 13    Int: 19    God:
Gold:   93         SH:  0    Dex: 15    Spells: 4 memorised, 1 level left

rFire  . . .     SeeInvis .     a - +3 short sword
rCold  . . .     Gourm    .     B - +0 robe
rNeg   . . .     Faith    .     (no shield)
rPois  .         Spirit   .     (no helmet)
rElec  .         Reflect  .     (no cloak)
rCorr  .         Harm     .     (no gloves)
MR     +....                    (no boots)
Stlth  +.........               (no amulet)
                                t - ring of protection from magic
                                o - ring of loudness (curse)

@: very slightly contaminated
A: no striking features
a: no special abilities


You were on level 3 of the Dungeon.
You were not hungry.

You visited 1 branch of the dungeon, and saw 4 of its levels.

You collected 93 gold pieces.

Inventory:

Hand Weapons
 a - a +3 short sword (weapon)
   (You took it off a kobold on level 1 of the Dungeon)
 p - a +0 club
   (You took it off a hobgoblin on level 1 of the Dungeon)
 r - a +0 falchion
   (You found it on level 2 of the Dungeon)
Missiles
 e - 65 bolts
 h - 28 stones (quivered)
 k - 51 arrows
Armour
 d - a +0 ring mail
   (You found it on level 4 of the Dungeon)
 B - a +0 robe (worn)
Jewellery
 g - an uncursed ring of fire
   (You found it on level 1 of the Dungeon)
 o - a cursed ring of loudness (left hand)
   (You found it on level 1 of the Dungeon)
 t - a ring of protection from magic (right hand)
   (You found it on level 4 of the Dungeon)
Scrolls
 f - a scroll of noise {unknown}
 l - a scroll of enchant armour {unknown}
 n - 2 scrolls of identify {unknown}
 q - a scroll of teleportation {unknown}
 s - 2 scrolls of magic mapping {unknown}
Potions
 j - a potion of berserk rage {unknown}
 m - 2 potions of curing {unknown}
Books
 b - a book of Necromancy

   Spells                             Type                      Level
   a - Pain                           Necromancy                   1
   b - Animate Skeleton               Necromancy                   1
   c - Vampiric Draining              Necromancy                   3
   d - Regeneration                   Charms/Necromancy            3
   e - Animate Dead                   Necromancy                   4
   f - Control Undead                 Necromancy                   4
Comestibles
 c - 2 bread rations
 i - 2 meat rations


   Skills:
 + Level 1.0 Fighting
 + Level 1.3 Long Blades
 - Level 2.1 Dodging
 - Level 2.1 Stealth
 - Level 3.1 Spellcasting
 - Level 4.1 Necromancy


You had one spell level left.
You knew the following spells:

 Your Spells              Type           Power        Failure   Level  Hunger
a - Pain                  Necr           ###.         3%          1    None
n - Animate Skeleton      Necr           N/A          3%          1    None
r - Regeneration          Chrm/Necr      ##........   21%         3    ###....
v - Vampiric Draining     Necr           ###.......   12%         3    ###....


Dungeon Overview and Level Annotations

Branches:
Dungeon (4/15)
 Temple: D:4-7

Altars:


Message History

A dart slug comes into view.
The dart slug launches a dart at you. The slug dart misses you.
Found a silvery potion.
A jackal comes into view.
There is a stone staircase leading down here.
Casting: Pain
Confirm with . or Enter, or press ? or * to list all spells.
Aiming: Pain
Press: ? - help, Shift-Dir - straight line, f - jackal
Aim: a jackal (hasn't noticed you, chance to defeat MR: 89%)
The jackal barks!
The jackal writhes in agony!
A worm comes into view.
The dart slug launches a dart at you. The slug dart hits you!
The jackal misses you. The jackal closely misses you.
The worm barely misses you. The jackal bites you.
Found a bread ration.
The jackal bites you.
You hit the jackal.
The jackal is lightly wounded.
The jackal closely misses you.
You hit the jackal.
The jackal is almost dead.
The jackal barely misses you. x2
Casting: Pain
Confirm with . or Enter, or press ? or * to list all spells.
Your skin crawls.
The jackal misses you.
You hit the jackal.
You kill the jackal!
The jackal closely misses you.
You barely miss the jackal.
Your skin is crawling a little less now.
The jackal closely misses you.
You hit the jackal but do no damage. The jackal barely misses you.
The jackal closely misses you.
You barely miss the jackal. The jackal bites you.
You hit the jackal.
You kill the jackal!
The jackal closely misses you.
You barely miss the jackal. The jackal misses you.
You barely miss the jackal.
Your skin stops crawling.
The jackal barely misses you. x2
You barely miss the jackal. The jackal bites you.
You hit the jackal.
The jackal is heavily wounded.
The jackal barely misses you. The jackal bites you.
You closely miss the jackal.
The jackal is heavily wounded.
The jackal closely misses you.
You barely miss the jackal.
The jackal is heavily wounded.
The jackal bites you. The jackal closely misses you.
You closely miss the jackal.
The jackal is heavily wounded.
The jackal bites you but does no damage.
You hit the jackal.
The jackal is almost dead.
The jackal bites you but does no damage.
The jackal bites you.
You puncture the jackal!
You kill the jackal!
Your Fighting skill increases to level 1!
You puncture the worm!
The worm is moderately wounded.
The worm bites you.
You hit the worm.
The worm is heavily wounded.
You hit the worm.
The worm is heavily wounded.
The worm barely misses you.
Casting: Regeneration
Confirm with . or Enter, or press ? or * to list all spells.
Aiming: Vampiric Draining
Press: ? - help, Shift-Dir - straight line, f - worm
Aim: a worm (heavily wounded)
The worm is severely wounded.
You feel life coursing into your body.
You hit the worm but do no damage.
The worm is severely wounded.
The worm bites you.
Casting: Vampiric Draining
Confirm with . or Enter, or press ? or * to list all spells.
Aiming: Vampiric Draining
Press: ? - help, Shift-Dir - straight line, f/p - worm
Aim: a worm (heavily wounded)
You miscast Vampiric Draining.
You are very lightly contaminated with residual magic.
Your bones ache.
The worm bites you!
* * * LOW HITPOINT WARNING * * *
You hit the worm.
The worm is severely wounded.
You hit the worm.
The worm is almost dead.
The worm bites you!
You die...

###########
.....%.@ww#
#########.#
#######.###
#.....w#h.#
.##.#####.#.#
#.h.h..!#h#.####
#.>.........
#........###
#.........#


You could see a worm and a dart slug.

Vanquished Creatures
  An adder (D:4)
  An adder skeleton (D:4)
  2 dart slugs (D:1)
  4 giant cockroaches
  7 goblins
  6 hobgoblins
  5 jackals
  7 kobolds
  A ball python (D:1)
  4 bats
  A frilled lizard (D:1)
  4 rats
43 creatures vanquished.

Vanquished Creatures (collateral kills)
  An adder (D:4)
1 creature vanquished.

Grand Total: 44 creatures vanquished

Notes
Turn   | Place    | Note
-------+----------+-------------------------------------------
     0 | D:1      | tidbits the High Elf Necromancer began the quest for the Orb.
     0 | D:1      | Reached XP level 1. HP: 11/11 MP: 4/4
   161 | D:1      | Reached XP level 2. HP: 6/17 MP: 2/6
   165 | D:1      | Learned a level 1 spell: Animate Skeleton
   606 | D:1      | Reached skill level 3 in Spellcasting
   756 | D:2      | Reached XP level 3. HP: 4/21 MP: 4/8
   764 | D:2      | Learned a level 3 spell: Vampiric Draining
   768 | D:2      | Learned a level 3 spell: Regeneration
   880 | D:2      | Reached skill level 4 in Necromancy
  1188 | D:4      | Reached skill level 1 in Long Blades
  1225 | D:4      | Reached XP level 4. HP: 24/27 MP: 9/9
  1270 | D:3      | Reached skill level 1 in Fighting
  1278 | D:3      | Slain by a worm

Skill      XL: |  1  2  3  4 |
---------------+-------------+-----
Spellcasting   | 3 |  3.1
Necromancy     | 4 |  4.1
Long Blades    | 1 |  1.3
Fighting       | 1 |  1.0
Dodging        | |  2.1
Stealth        | |  2.1

Action                   |  1- 3 |  4- 6 || total
-------------------------+-------+-------++-------
Melee: Short sword       |    15 |    22 ||    37
 Cast: Pain              |    74 |     1 ||    75
       Regeneration      |     3 |     1 ||     4
       Vampiric Draining |     1 |     1 ||     2
       Animate Skeleton  |     1 |       ||     1
  Eat: Chunk             |     3 |       ||     3
Armor: Robe              |    12 |     2 ||    14
Dodge: Dodged            |    27 |    20 ||    47

Table legend:
 A = Turns spent in this place as a percentage of turns spent in the entire game.
 B = Non-inter-level travel turns spent in this place as a percentage of non-inter-level travel turns spent in the entire game.
 C = Inter-level travel turns spent in this place as a percentage of turns spent in this place.
 D = Turns resting spent in this place as a percentage of non-inter-level travel turns spent in this place.
 E = Turns spent auto-exploring this place as a percentage of non-inter-level travel turns spent in this place.
 F = Non-inter-level travel turns spent in this place divided by the number of levels of this place that you've seen.
                   A       B       C       D       E      F
               +-------+-------+-------+-------+-------+----------------------
         Total | 100.0 | 100.0 |   0.0 |   0.0 |   0.0 | 315.5
       Dungeon | 100.0 | 100.0 |   0.0 |   0.0 |   0.0 | 315.5
               +-------+-------+-------+-------+-------+----------------------

Table legend:
 A = Kills in this place as a percentage of kills in entire the game.
 B = Kills by you in this place as a percentage of kills by you in the entire game.
 C = Kills by friends in this place as a percentage of kills by friends in the entire game.
 D = Other kills in this place as a percentage of other kills in the entire game.
 E = Experience gained in this place as a percentage of experience gained in the entire game.
 F = Experience gained in this place divided by the number of levels of this place that you have seen.
                   A       B       C       D       E      F
               +-------+-------+-------+-------+-------+----------------------
         Total | 100.0 | 100.0 | 100.0 |  -nan | 100.0 |  25.8
       Dungeon | 100.0 | 100.0 | 100.0 |  -nan | 100.0 |  25.8
               +-------+-------+-------+-------+-------+----------------------

Vault maps used:
D:1:      tarquinn_simple_flora_water_b, corner_web_ring
D:2:      first_bread
D:4:      fedhas_altar_3
